[Event "EYTCC U12 Girls 2018"]
[Site "Bad Blankeburg"]
[Date "2018.07.15"]
[Round "6"]
[White "Gaal, Zsoka"]
[Black "Cornileau, Juliette"]
[Result "1-0"]
[ECO "D79"]
[WhiteElo "2044"]
[BlackElo "1644"]
[Annotator "NA"]
[PlyCount "74"]
[EventDate "2018.07.12"]
[EventType "swiss"]
[EventCountry "GER"]
[SourceTitle "playchess.com"]
[Source "ChessBase"]
[SourceQuality "1"]
[TimeControl "40/5400+30:1800+30"]

1. Nf3 Nf6 2. g3 g6 3. Bg2 Bg7 4. c4 c6 5. O-O O-O 6. d4 d5 7. cxd5 cxd5 8. Ne5 Ng4 9. f4 Nxe5 10. fxe5 Nc6 11. Nc3 e6 12. e3 f6 13. exf6 Bxf6 14. b3 Bg7 15. Rxf8+ Qxf8 16. Bb2 b6 17. Nxd5 Bb7 18. Nc7 Rc8 19. Nxe6 Qe7 20. Nxg7 Qxg7 21. Qd2 Qd7 22. d5 Ne7 23. Qd4 Nf5 24. Qh8+ Kf7 25. Qxh7+ Ke8 26. Qxd7+ Kxd7 27. e4 Ne3 28. Bh3+ Kd8 29. Bxc8 Kxc8 30. Re1 Ng4 31. Bg7 Kd8 32. h3 Bc8 33. hxg4 Bxg4 34. e5 Bf3 35. d6 Bc6 36. e6 Ke8 37. Rf1 Kd8 1-0

[Event "EYTCC U12 Girls 2018"]
[Site "Bad Blankeburg"]
[Date "2018.07.15"]
[Round "6"]
[White "Wagner, Margarethe"]
[Black "Fizerova, Lucie"]
[Result "1-0"]
[ECO "B56"]
[WhiteElo "1635"]
[BlackElo "1554"]
[Annotator "NA"]
[PlyCount "107"]
[EventDate "2018.07.12"]
[EventType "swiss"]
[EventCountry "GER"]
[SourceTitle "playchess.com"]
[Source "ChessBase"]
[SourceQuality "1"]
[TimeControl "40/5400+30:1800+30"]

1. e4 c5 2. Nc3 d6 3. Nge2 Nf6 4. d4 cxd4 5. Nxd4 Nc6 6. f3 e5 7. Nb3 Be7 8. Be3 O-O 9. Qd2 a5 10. Bb5 Na7 11. Be2 Nc6 12. O-O a4 13. Nc1 Be6 14. Bb5 Na5 15. Nd5 Bxd5 16. exd5 Rc8 17. b3 b6 18. Bxa4 e4 19. f4 Qc7 20. c4 Nb7 21. Bb5 Nc5 22. b4 Ncd7 23. Nb3 Ng4 24. Rac1 Nxe3 25. Qxe3 Nf6 26. Nd2 Ra8 27. a4 Rac8 28. h3 h6 29. Nxe4 Nxe4 30. Qxe4 Bf6 31. Rc2 Be7 32. Re1 Bf6 33. Re3 Qa7 34. Ra3 Rc7 35. Kh2 Re7 36. Qd3 Rc8 37. Re2 Rec7 38. Bc6 Rd8 39. Re4 Rcc8 40. Qe3 Kf8 41. a5 Rb8 42. Ra2 g6 43. a6 Kg7 44. b5 Rbc8 45. g4 Kg8 46. g5 Bg7 47. Re7 Rc7 48. Rxc7 Qxc7 49. a7 hxg5 50. a8=Q gxf4 51. Qxd8+ Qxd8 52. Qe8+ Qxe8 53. Bxe8 Be5 54. Kg2 1-0

[Event "EYTCC U12 Girls 2018"]
[Site "Bad Blankeburg"]
[Date "2018.07.15"]
[Round "6"]
[White "Pentcheff, Laura"]
[Black "Markus, Molli Amina"]
[Result "1/2-1/2"]
[ECO "D02"]
[WhiteElo "1594"]
[BlackElo "1566"]
[Annotator "NA"]
[PlyCount "95"]
[EventDate "2018.07.12"]
[EventType "swiss"]
[EventCountry "GER"]
[SourceTitle "playchess.com"]
[Source "ChessBase"]
[SourceQuality "1"]
[TimeControl "40/5400+30:1800+30"]

1. d4 d5 2. Nf3 Nf6 3. g3 e6 4. Bg2 c5 5. O-O Nc6 6. e3 Bd7 7. c4 cxd4 8. Nxd4 Nxd4 9. Qxd4 Bc6 10. Nc3 Bb4 11. Rd1 Bxc3 12. Qxc3 Qc8 13. b3 dxc4 14. Qxc4 Bxg2 15. Qxc8+ Rxc8 16. Kxg2 O-O 17. Bb2 Ne4 18. Rac1 Rxc1 19. Rxc1 h6 20. Rc7 b5 21. Rxa7 Rc8 22. Bd4 Rc2 23. a4 bxa4 24. bxa4 Rxf2+ 25. Kh3 Ng5+ 26. Kg4 Kh7 27. h4 Ne4 28. a5 h5+ 29. Kh3 Nd2 30. Rb7 Nf1 31. Rb2 Rf5 32. Ra2 Rf3 33. Rg2 Nxe3 34. Bxe3 Rxe3 35. Ra2 Rb3 36. a6 Rb8 37. a7 Ra8 38. g4 hxg4+ 39. Kxg4 Kg6 40. Kf4 Kh5 41. Ke5 Kxh4 42. Kd6 g5 43. Ra4+ Kh3 44. Ra3+ Kh4 45. Ra4+ Kh3 46. Ra3+ Kh4 47. Ra4+ Kh3 48. Ke5 1/2-1/2

[Event "EYTCC U12 Girls 2018"]
[Site "Bad Blankeburg"]
[Date "2018.07.15"]
[Round "6"]
[White "Voriskova, Anna"]
[Black "Lorenz, Anouk"]
[Result "1-0"]
[ECO "B28"]
[WhiteElo "1569"]
[BlackElo "1390"]
[Annotator "NA"]
[PlyCount "117"]
[EventDate "2018.07.12"]
[EventType "swiss"]
[EventCountry "GER"]
[SourceTitle "playchess.com"]
[Source "ChessBase"]
[SourceQuality "1"]
[TimeControl "40/5400+30:1800+30"]

1. e4 c5 2. Nf3 a6 3. d4 cxd4 4. Nxd4 e5 5. Nf3 Nf6 6. Bd3 Bb4+ 7. Bd2 Nc6 8. O-O Bxd2 9. Qxd2 O-O 10. Nc3 d5 11. exd5 Nxd5 12. Nxd5 Bg4 13. Ne1 f5 14. Ne3 Kh8 15. Nxg4 fxg4 16. Qe3 Qc7 17. h3 gxh3 18. Qxh3 h6 19. Be4 Nd4 20. Qe3 Rf4 21. Nf3 Rd8 22. Nxd4 exd4 23. Qd3 Rh4 24. f4 Rxf4 25. Rxf4 Qxf4 26. Qf3 Qxf3 27. Bxf3 b5 28. Re1 Kg8 29. Re6 Rc8 30. Be4 a5 31. Rd6 d3 32. Bxd3 b4 33. Be4 Re8 34. Bd3 Kf8 35. Kf2 Re5 36. Rb6 Ke7 37. Rb5 Re6 38. Rxa5 Rf6+ 39. Kg3 Kf8 40. Rb5 b3 41. Rxb3 g5 42. Bc4 Rf4 43. Rf3 Rxf3+ 44. Kxf3 Ke7 45. Kg4 Kf6 46. a4 h5+ 47. Kxh5 g4 48. a5 g3 49. a6 Ke5 50. a7 Kd6 51. a8=Q Ke5 52. Qd5+ Kf4 53. b4 Ke3 54. b5 Kf4 55. b6 Ke3 56. b7 Kf2 57. b8=Q Kg1 58. Qxg3 Kh1 59. Qd1# 1-0

[Event "EYTCC U12 Girls 2018"]
[Site "Bad Blankeburg"]
[Date "2018.07.16"]
[Round "7"]
[White "Bashylina, Luisa"]
[Black "Gaal, Zsoka"]
[Result "1/2-1/2"]
[ECO "B06"]
[WhiteElo "1836"]
[BlackElo "2044"]
[Annotator "NA RC"]
[PlyCount "65"]
[EventDate "2018.07.12"]
[EventType "swiss"]
[EventCountry "GER"]
[SourceTitle "playchess.com"]
[Source "ChessBase"]
[SourceQuality "1"]
[TimeControl "40/5400+30:1800+30"]

1. e4 g6 2. d4 Bg7 3. Nc3 c6 4. Bc4 d6 5. Qf3 e6 {[%emt 0:01:59] B06: Modern Defence} 6. d5 (6. Nge2 Nd7 7. O-O b5 8. Bb3 a5 9. a3 Ba6 10. Re1 Ngf6 11. Bf4 e5 12. dxe5 dxe5 13. Bg5 h6 14. Be3 O-O 15. Ng3 {1-0 (44) Popov,I (2599)-Bologan,V (2615) Moscow 2017}) 6... cxd5 7. exd5 e5 8. Ne4 Qc7 $146 ({Lieber Predecessor:} 8... f5 $15 9. Ng5 f4 (9... Nf6 10. Ne2 O-O 11. h4 h6 12. Ne6 Bxe6 13. dxe6 {1-0 (34) Sakhnenko,S-Neporozhniy,K Kiev 2000})) 9. Qc3 Bf5 10. Bb5+ Kd8 11. Qxc7+ Kxc7 12. Ng5 Nh6 13. Be3 Nd7 14. f3 Nb6 15. O-O-O Rac8 (15... a6 $15 16. Be2 Rae8) 16. g4 Bd7 17. Bxb6+ axb6 18. Bxd7 Kxd7 19. Rd3 {[%emt 0:01:47] [#]} Nxg4 $1 20. fxg4 Bh6 21. h4 f6 22. N1h3 fxg5 23. Nxg5 Rc4 24. Rg1 Rf8 25. b3 Rcf4 26. Kb1 (26. a4 $11) 26... Rf1+ 27. Rxf1 Rxf1+ 28. Kb2 Bxg5 29. hxg5 Rh1 30. Rf3 Ke7 31. Rc3 Kd7 32. Rf3 Ke7 33. Rc3 $11 1/2-1/2

[Event "EYTCC U12 Girls 2018"]
[Site "Bad Blankeburg"]
[Date "2018.07.16"]
[Round "7"]
[White "Markus, Molli Amina"]
[Black "Butenandt, Svenja"]
[Result "1/2-1/2"]
[ECO "A17"]
[WhiteElo "1566"]
[BlackElo "1751"]
[Annotator "NA RC"]
[PlyCount "86"]
[EventDate "2018.07.12"]
[EventType "swiss"]
[EventCountry "GER"]
[SourceTitle "playchess.com"]
[Source "ChessBase"]
[SourceQuality "1"]
[TimeControl "40/5400+30:1800+30"]

1. c4 e6 2. Nc3 Nf6 3. g3 d5 4. cxd5 exd5 5. d4 c6 6. Bg2 Be7 7. e3 Bf5 8. Nge2 Na6 9. a3 O-O 10. O-O Nc7 11. Bd2 Qd7 12. Rc1 Bh3 13. Nf4 Bxg2 14. Kxg2 Ne6 15. Nh3 Ne4 16. Nf4 Nxf4+ 17. exf4 Rad8 18. Be3 Qf5 19. f3 Nxc3 20. Rxc3 Bd6 21. Qc2 Qxc2+ 22. Rxc2 Rfe8 23. Kf2 Re7 24. b4 Rde8 25. Re1 Bc7 26. Rce2 Bb6 27. Kf1 f5 28. Bf2 Rxe2 29. Rxe2 Rxe2 30. Kxe2 Kf7 31. Kd3 Ke6 32. g4 g6 33. h3 a6 34. Bh4 Ba7 35. Bd8 Kd7 36. Bf6 b6 37. Kc3 c5 38. Be5 c4 39. Bf6 Bb8 40. Be5 Bd6 41. Kb2 Kc6 42. Kc3 Be7 43. g5 Kb5 1/2-1/2

[Event "EYTCC U12 Girls 2018"]
[Site "Bad Blankeburg"]
[Date "2018.07.16"]
[Round "7"]
[White "Pohle, Saskia"]
[Black "Wagner, Margarethe"]
[Result "1-0"]
[ECO "B91"]
[WhiteElo "1560"]
[BlackElo "1635"]
[Annotator "NA RC"]
[PlyCount "69"]
[EventDate "2018.07.12"]
[EventType "swiss"]
[EventCountry "GER"]
[SourceTitle "playchess.com"]
[Source "ChessBase"]
[SourceQuality "1"]
[TimeControl "40/5400+30:1800+30"]

1. e4 c5 2. Nf3 d6 3. d4 cxd4 4. Nxd4 Nf6 5. Nc3 a6 6. g3 e5 7. Nde2 Be6 8. Bg2 Be7 9. O-O Nbd7 10. h3 h6 11. Be3 Nf8 12. Qd2 Ng6 13. Nd5 Nxd5 14. exd5 Bd7 15. Kh2 Rc8 16. f4 Bf6 17. c3 Qe7 18. Rae1 O-O 19. f5 Nh8 20. Bb6 Bg5 21. Qc2 Bb5 22. b3 Bxe2 23. Rxe2 Qd7 24. c4 Be7 25. f6 gxf6 26. Be3 Kg7 27. Qd2 Rfd8 28. Bxh6+ Kg8 29. Be4 Qe8 30. Bf5 Rb8 31. Re4 Ng6 32. Rg4 Kh8 33. h4 Bf8 34. Bxg6 fxg6 35. Rxf6 1-0

[Event "EYTCC U12 Girls 2018"]
[Site "Bad Blankeburg"]
[Date "2018.07.16"]
[Round "7"]
[White "Ulrich, Helena Irene"]
[Black "Nguyen, Jenny Ha-Linh"]
[Result "1-0"]
[ECO "C00"]
[WhiteElo "1249"]
[BlackElo "1354"]
[Annotator "NA RC"]
[PlyCount "61"]
[EventDate "2018.07.12"]
[EventType "swiss"]
[EventCountry "GER"]
[SourceTitle "playchess.com"]
[Source "ChessBase"]
[SourceQuality "1"]
[TimeControl "40/5400+30:1800+30"]

1. e4 e6 2. Nf3 d5 3. e5 c5 4. b4 c4 5. a3 Bd7 6. d3 cxd3 7. cxd3 Nc6 8. d4 a6 9. Nbd2 f6 10. Bd3 Qc7 11. Bb2 fxe5 12. dxe5 Nge7 13. O-O Nf5 14. Rc1 Qb6 15. Nb3 Be7 16. Bxf5 exf5 17. Qxd5 Qb5 18. Qxb5 axb5 19. Nc5 Bxc5 20. Rxc5 O-O 21. Rxb5 Rab8 22. Rd5 Be6 23. Rd6 Rfe8 24. Ng5 Bc4 25. Rc1 Nxe5 26. Bxe5 Rxe5 27. f4 Re3 28. Rxc4 Rxa3 29. Rcd4 Raa8 30. Rd7 h6 31. Ne6 1-0

[Event "EYTCC U12 Girls 2018"]
[Site "Bad Blankeburg"]
[Date "2018.07.16"]
[Round "8"]
[White "Gaal, Zsoka"]
[Black "Fizerova, Lucie"]
[Result "1-0"]
[ECO "A46"]
[WhiteElo "2044"]
[BlackElo "1554"]
[Annotator "NA"]
[PlyCount "89"]
[EventDate "2018.07.12"]
[EventType "swiss"]
[EventCountry "GER"]
[SourceTitle "playchess.com"]
[Source "ChessBase"]
[SourceQuality "1"]
[TimeControl "40/5400+30:1800+30"]

1. d4 Nf6 2. Nf3 e6 3. g3 d5 4. Bg2 b5 5. O-O Bb7 6. a4 {[%emt 0:03:38] LiveBook: 38 Games A46: 1 d4 Nf6 2 Nf3 e6: Torre, London and Colle Systems} (6. Bg5 Nbd7 7. e4 dxe4 8. Nfd2 h6 9. Bxf6 Nxf6 10. Qe2 a6 11. Nxe4 Bxe4 12. Bxe4 Nxe4 13. Qxe4 Qd5 {½-½ (62) Aronian,L (2784)-Dominguez Perez,L (2732) Skopje 2015}) 6... b4 7. Nbd2 Nbd7 8. a5 a6 9. c4 bxc3 $146 ({Predecessor:} 9... c5 10. Qa4 Qc7 11. cxd5 Bxd5 12. dxc5 Bxc5 13. Nb3 Bd6 14. Nfd4 Bxg2 15. Kxg2 Qb7+ {½-½ (15) Ilincic,Z (2417)-Nagy,G (2411) Kecskemet 2015}) 10. bxc3 c5 11. Qa4 Bd6 12. Ba3 O-O 13. c4 Rc8 14. Rfc1 Qe7 15. Rab1 Ba8 16. e3 cxd4 17. Bxd6 Qxd6 18. exd4 Ne4 19. c5 Qc7 20. Nxe4 dxe4 21. Ng5 Nf6 22. Re1 Nd5 23. Qa3 ({Viel schwächer ist} 23. Bxe4 $6 Nc3 $16) 23... e5 24. dxe5 Qxc5 25. Qxc5 Rxc5 26. Ra1 Nc3 27. Nxe4 Nxe4 28. Bxe4 Bxe4 29. Rxe4 Re8 30. f4 f6 31. e6 g6 32. g4 Kf8 33. Kg2 Ke7 34. Rd1 Rd8 35. Rxd8 Kxd8 36. Kf3 Rxa5 37. h4 Ke7 38. Re3 f5 39. gxf5 gxf5 40. h5 h6 41. Rc3 Rd5 42. Rc7+ Kxe6 43. Rh7 Rd6 44. Rxh6+ Ke7 $18 45. Rxd6 1-0

[Event "EYTCC U12 Girls 2018"]
[Site "Bad Blankeburg"]
[Date "2018.07.16"]
[Round "8"]
[White "Cornileau, Juliette"]
[Black "Pohle, Saskia"]
[Result "1-0"]
[ECO "C47"]
[WhiteElo "1644"]
[BlackElo "1560"]
[Annotator "NA"]
[PlyCount "93"]
[EventDate "2018.07.12"]
[EventType "swiss"]
[EventCountry "GER"]
[SourceTitle "playchess.com"]
[Source "ChessBase"]
[SourceQuality "1"]
[TimeControl "40/5400+30:1800+30"]

1. e4 e5 2. Nf3 Nc6 3. Nc3 Nf6 4. d4 exd4 5. Nxd4 Bc5 6. Be3 Bb6 7. Nxc6 bxc6 8. Bxb6 cxb6 9. Bd3 O-O 10. O-O Qc7 11. h3 Bb7 12. Re1 Rfe8 13. Qd2 Rad8 14. Qg5 h6 15. Qh4 d6 16. Rad1 Rd7 17. f3 Rde7 18. Re2 a6 19. Red2 c5 20. Bf1 Rd7 21. Bc4 b5 22. Nd5 Nxd5 23. Bxd5 Bxd5 24. Rxd5 Re5 25. Qg4 Rxd5 26. Rxd5 Re7 27. Qf4 Re5 28. Qd2 Rxd5 29. Qxd5 Kf8 30. Qa8+ Ke7 31. Qxa6 Qd7 32. Qa8 Qe6 33. Qb7+ Qd7 34. Qxd7+ Kxd7 35. Kf2 Ke6 36. Ke3 d5 37. exd5+ Kxd5 38. Kd3 c4+ 39. Ke3 Ke5 40. b3 cxb3 41. cxb3 Kd5 42. a4 bxa4 43. bxa4 Kc5 44. Ke4 Kb4 45. Ke5 Kxa4 46. Kd6 Kb4 47. Ke7 1-0

[Event "EYTCC U12 Girls 2018"]
[Site "Bad Blankeburg"]
[Date "2018.07.16"]
[Round "8"]
[White "Voriskova, Anna"]
[Black "Markus, Molli Amina"]
[Result "1/2-1/2"]
[ECO "C07"]
[WhiteElo "1569"]
[BlackElo "1566"]
[Annotator "NA"]
[PlyCount "86"]
[EventDate "2018.07.12"]
[EventType "swiss"]
[EventCountry "GER"]
[SourceTitle "playchess.com"]
[Source "ChessBase"]
[SourceQuality "1"]
[TimeControl "40/5400+30:1800+30"]

1. e4 e6 2. d4 d5 3. Nd2 c5 4. exd5 Qxd5 5. Ngf3 cxd4 6. Bc4 Qd6 7. O-O Nf6 8. Nb3 Nc6 9. Nbxd4 Nxd4 10. Nxd4 a6 11. Bg5 Be7 12. Bb3 O-O 13. Re1 h6 14. Bh4 Rd8 15. c3 Qf4 16. Bg3 Qg4 17. h3 Qxd1 18. Raxd1 Bd7 19. Nf5 Kf8 20. Nxe7 Kxe7 21. Rd2 Bc6 22. Red1 Rxd2 23. Rxd2 Ne4 24. Rd3 Nxg3 25. Rxg3 g5 26. Rd3 Rd8 27. Rxd8 Kxd8 28. g3 Ke7 29. Kf1 f6 30. Ke2 Bg2 31. h4 gxh4 32. gxh4 e5 33. f3 Bh3 34. Bd5 b6 35. a4 a5 36. b4 Kd6 37. Bc4 Be6 38. Bd3 Bb3 39. Bb5 Kd5 40. Kd3 Bd1 41. Ke3 Bb3 42. Kd3 Bd1 43. Ke3 Bb3 {[%emt 0:00:23] Ke4+} 1/2-1/2

[Event "EYTCC U12 Girls 2018"]
[Site "Bad Blankeburg"]
[Date "2018.07.16"]
[Round "8"]
[White "Peglau, Charis"]
[Black "Pentcheff, Laura"]
[Result "0-1"]
[ECO "C42"]
[WhiteElo "1396"]
[BlackElo "1594"]
[Annotator "NA"]
[PlyCount "96"]
[EventDate "2018.07.12"]
[EventType "swiss"]
[EventCountry "GER"]
[SourceTitle "playchess.com"]
[Source "ChessBase"]
[SourceQuality "1"]
[TimeControl "40/5400+30:1800+30"]

1. e4 e5 2. Nf3 Nf6 3. Nc3 Bb4 4. Nd5 Nxd5 5. exd5 O-O 6. c3 Bc5 7. d4 exd4 8. Nxd4 Re8+ 9. Be3 Qg5 10. c4 Rxe3+ 11. fxe3 Qxe3+ 12. Qe2 Bxd4 13. Qxe3 Bxe3 14. Bd3 d6 15. h3 Bd7 16. Ke2 Bd4 17. Rab1 Na6 18. a3 Re8+ 19. Kd1 Re3 20. Bc2 f5 21. Re1 f4 22. Rxe3 fxe3 23. Ke2 b5 24. b3 c6 25. Be4 cxd5 26. Bxd5+ Kf8 27. Rf1+ Ke8 28. Rf7 Nc7 29. Rf4 Bb6 30. Re4+ Kd8 31. Bg8 h6 32. g4 a5 33. h4 Bc5 34. g5 hxg5 35. hxg5 Bf5 36. Rf4 g6 37. Rh4 bxc4 38. Bxc4 d5 39. Bd3 Bxd3+ 40. Kxd3 Ne6 41. b4 axb4 42. axb4 Bb6 43. Rg4 d4 44. Ke2 Kd7 45. Kd3 Kc6 46. Re4 Nxg5 47. Re5 Nh3 48. Kc4 Nf4 {[%emt 0:01:15] Kxd4} 0-1

[Event "EYTCC U12 Girls 2018"]
[Site "Bad Blankeburg"]
[Date "2018.07.17"]
[Round "9"]
[White "Bashylina, Luisa"]
[Black "Cornileau, Juliette"]
[Result "1-0"]
[ECO "B30"]
[WhiteElo "1836"]
[BlackElo "1644"]
[Annotator "NA"]
[PlyCount "111"]
[EventDate "2018.07.12"]
[EventType "swiss"]
[EventCountry "GER"]
[SourceTitle "playchess.com"]
[Source "ChessBase"]
[SourceQuality "1"]
[TimeControl "40/5400+30:1800+30"]

1. e4 c5 2. Nf3 Nc6 3. Bb5 d6 4. d4 cxd4 5. Qxd4 Bd7 6. Bxc6 Bxc6 7. Nc3 e5 8. Qd3 h6 9. O-O Be7 10. a4 Nf6 11. b3 O-O 12. Ba3 Qd7 13. Rfd1 Rfd8 14. Rd2 b6 15. Re1 Qb7 16. b4 Qc7 17. b5 Bb7 18. Rdd1 Rac8 19. Bb2 Qc5 20. Qe3 Ng4 21. Qxc5 Rxc5 22. Nd2 Rdc8 23. Ndb1 Nf6 24. f3 a6 25. Rd3 R5c7 26. Red1 Rd7 27. Ba3 Rcd8 28. Kf2 Bf8 29. Bb2 d5 30. exd5 Nxd5 31. Nxd5 Rxd5 32. Bxe5 Rxd3 33. Rxd3 Rxd3 34. cxd3 axb5 35. axb5 f6 36. Bd4 Bc5 37. Bxc5 bxc5 38. Nc3 Kf7 39. Na4 Ke7 40. Nxc5 Bc8 41. b6 Kd6 42. b7 Bxb7 43. Nxb7+ Kd5 44. Ke3 g5 45. Na5 f5 46. f4 g4 47. d4 h5 48. g3 Ke6 49. Kd2 Kd6 50. Kc3 Kd5 51. Kd3 Kd6 52. Kc4 Ke7 53. Kd5 Kd7 54. Ke5 Ke7 55. d5 Kf7 56. d6 1-0

[Event "EYTCC U12 Girls 2018"]
[Site "Bad Blankeburg"]
[Date "2018.07.17"]
[Round "9"]
[White "Wagner, Margarethe"]
[Black "Gaal, Zsoka"]
[Result "1/2-1/2"]
[ECO "B03"]
[WhiteElo "1635"]
[BlackElo "2044"]
[Annotator "NA"]
[PlyCount "71"]
[EventDate "2018.07.12"]
[EventType "swiss"]
[EventCountry "GER"]
[SourceTitle "playchess.com"]
[Source "ChessBase"]
[SourceQuality "1"]
[TimeControl "40/5400+30:1800+30"]

1. e4 Nf6 2. e5 Nd5 3. d4 d6 4. exd6 cxd6 5. c4 Nb6 6. Nc3 g6 7. Be3 Bg7 8. Nf3 O-O 9. h3 Bf5 {[%emt 0:04:47] B04: Aljechin-Verteidigung (Moderne Variante)} 10. Be2 Nc6 11. a3 (11. O-O d5 12. c5 Nc4 13. Bc1 b6 14. b3 N4a5 15. cxb6 axb6 16. Bf4 Be4 17. Nb5 Qd7 18. Qd2 Rfc8 19. Rac1 Nb7 20. Ne5 Nxe5 21. Bxe5 Bxe5 22. dxe5 {1-0 (37) Efimenko,Z (2643)-Bortnyk,O (2533) Wroclaw 2014}) 11... d5 12. c5 Nc4 13. Bxc4 dxc4 14. O-O $1 Bd3 15. Re1 Nxd4 $146 ({Vorgänger:} 15... e6 16. Nb5 Ne7 17. Ne5 Bxe5 18. dxe5 Nf5 19. Nd6 b6 20. Nxf5 exf5 21. Bh6 Re8 {½-½ (34) Tlale,T (1798)-Granados,M (1899) Tromsoe 2014}) 16. Nxd4 Bxd4 17. Bxd4 Qxd4 18. Rxe7 Qxc5 19. Rxb7 Qc6 20. Re7 Rfe8 $11 21. Rxe8+ Rxe8 22. Qd2 Qb7 23. b4 Qe7 24. Qf4 Rd8 25. Qe3 Qxe3 26. fxe3 Bf5 27. Rd1 Re8 28. Kf2 Kg7 29. Rd5 Be6 30. Rd4 Rb8 31. Ke2 h5 32. Kd2 Kf8 33. Ne4 a5 34. bxa5 Ra8 35. Nc5 Rxa5 36. Nxe6+ {[%emt 0:00:14] Ra4 h4+} 1/2-1/2

[Event "EYTCC U12 Girls 2018"]
[Site "Bad Blankeburg"]
[Date "2018.07.17"]
[Round "9"]
[White "Pentcheff, Laura"]
[Black "Butenandt, Svenja"]
[Result "0-1"]
[ECO "A46"]
[WhiteElo "1594"]
[BlackElo "1751"]
[Annotator "NA"]
[PlyCount "112"]
[EventDate "2018.07.12"]
[EventType "swiss"]
[EventCountry "GER"]
[SourceTitle "playchess.com"]
[Source "ChessBase"]
[SourceQuality "1"]
[TimeControl "40/5400+30:1800+30"]

1. d4 Nf6 2. Nf3 e6 3. Bf4 d5 4. e3 Be7 5. Bd3 Nbd7 6. O-O O-O 7. Nbd2 c5 8. c3 cxd4 9. exd4 a6 10. Ne5 Nb6 11. Qf3 Re8 12. Qh3 g6 13. Ndf3 Nh5 14. Bh6 Bf8 15. Nxf7 Kxf7 16. Ne5+ Kg8 17. Nxg6 hxg6 18. Bxg6 Bxh6 19. Qxh5 Re7 20. Qxh6 Rg7 21. Bc2 Qg5 22. Qxg5 Rxg5 23. h4 Rg4 24. g3 Nc4 25. b3 Nd6 26. Kg2 Nb5 27. Bd1 Rg7 28. Rc1 Rc7 29. h5 Rxc3 30. Rxc3 Nxc3 31. Bc2 Nxa2 32. h6 Nb4 33. Bb1 Nc6 34. Rd1 Ne7 35. g4 e5 36. g5 e4 37. Rh1 Bf5 38. Kg3 Nc6 39. Rd1 Rf8 40. Kh4 Bg6 41. Kg3 Rf3+ 42. Kg2 Rf5 43. Kg3 Rxg5+ 44. Kf4 Rh5 45. f3 Rf5+ 46. Kg4 Rxf3 47. Kg5 Kh7 48. Kg4 Kxh6 49. Rh1+ Kg7 50. Rd1 Rxb3 51. Ba2 Rd3 52. Rxd3 exd3 53. Bxd5 d2 54. Bb3 Nxd4 55. Bd1 Bc2 56. Bxc2 Nxc2 0-1

[Event "EYTCC U12 Girls 2018"]
[Site "Bad Blankeburg"]
[Date "2018.07.17"]
[Round "9"]
[White "Markus, Molli Amina"]
[Black "Lorenz, Anouk"]
[Result "1-0"]
[ECO "A10"]
[WhiteElo "1566"]
[BlackElo "1390"]
[Annotator "NA"]
[PlyCount "79"]
[EventDate "2018.07.12"]
[EventType "swiss"]
[EventCountry "GER"]
[SourceTitle "playchess.com"]
[Source "ChessBase"]
[SourceQuality "1"]
[TimeControl "40/5400+30:1800+30"]

1. c4 f5 2. Nc3 Nf6 3. Nf3 g6 4. d4 Bg7 5. e3 O-O 6. Bd3 d6 7. d5 Na6 8. Nd4 Nc5 9. Qc2 a5 10. Nf3 e6 11. dxe6 Bxe6 12. O-O Re8 13. e4 Nxd3 14. Qxd3 fxe4 15. Nxe4 Bf5 16. Nxf6+ Bxf6 17. Qd2 Qd7 18. Nd4 Re4 19. Nxf5 Qxf5 20. Qd3 a4 21. Rb1 Qe6 22. b3 axb3 23. axb3 Ra2 24. Be3 Qe8 25. Rfe1 Rb2 26. Rxb2 Bxb2 27. Qd5+ Qe6 28. Qxb7 c5 29. Qa8+ Kf7 30. Qa7+ Kg8 31. Qa2 Bc3 32. Re2 Bd4 33. Qa8+ Kf7 34. Bh6 Kf6 35. Rxe4 Qd7 36. Qf8+ Qf7 37. Rf4+ Ke5 38. Qxf7 Bxf2+ 39. Kxf2 g5 40. Qf6# 1-0

[Event "EYTCC U12 Girls 2018"]
[Site "Bad Blankeburg"]
[Date "2018.07.18"]
[Round "10"]
[White "Gaal, Zsoka"]
[Black "Pohle, Saskia"]
[Result "1/2-1/2"]
[ECO "D79"]
[WhiteElo "2044"]
[BlackElo "1560"]
[Annotator "NA"]
[PlyCount "145"]
[EventDate "2018.07.12"]
[EventType "swiss"]
[EventCountry "GER"]
[SourceTitle "playchess.com"]
[Source "ChessBase"]
[SourceQuality "1"]
[WhiteTeam "Hungary"]
[BlackTeam "Germany"]
[WhiteTeamCountry "HUN"]
[BlackTeamCountry "GER"]
[TimeControl "40/5400+30:1800+30"]

1. d4 Nf6 2. Nf3 g6 3. g3 Bg7 4. Bg2 O-O 5. O-O d5 6. c4 c6 7. cxd5 cxd5 8. Ne5 e6 9. Nc3 Nfd7 10. f4 Nc6 11. e3 Nb6 {[%emt 0:07:49] D79: Fianchetto Grünfeld: Symmetrical Variation (6 0-0 c6 7 cxd5 cxd5)} 12. b3 Bd7 13. Ba3 Re8 (13... Ne7 14. Rc1 Re8 15. Qd2 Bc6 16. Rc2 Nbc8 17. Nxc6 Nxc6 18. Na4 Nd6 19. Rfc1 Rc8 20. Nc5 Ne7 21. Nd3 Rxc2 22. Rxc2 Nef5 23. Bxd6 Nxd6 24. Qc3 {½-½ (24) Bacrot,E (2695)-Cheparinov,I (2670) Heraklio 2007}) 14. Rc1 Rc8 15. Kh1 $146 ({Predecessor:} 15. Qd2 Bf8 16. Qb2 Bxa3 17. Qxa3 Qe7 18. Qxe7 Nxe7 19. Nd3 {0-1 (69) Elgabry,M (2334)-El Taher,F (2535) Sharjah 2014}) 15... Bf8 16. Bxf8 Rxf8 17. Qg4 Ne7 18. Qf3 Bc6 19. g4 Qd6 20. Rg1 Kh8 21. Qh3 Nd7 22. Qh4 Ng8 23. e4 dxe4 24. Nxe4 Bxe4 25. Rxc8 Bxg2+ 26. Rxg2 Nxe5 27. Rxf8 Qxf8 28. dxe5 Qa3 29. Qe1 Qc5 30. h3 Qd4 31. Qd2 Qe4 32. Kh2 Ne7 33. Rf2 Nd5 34. Qc2 Qd4 35. Qd2 Qe4 36. Qe2 Qd4 37. Qf3 Kg7 38. Kg2 Ne3+ 39. Kg3 Nd1 40. Rf1 Ne3 41. Re1 Nd5 42. h4 b6 43. h5 Nb4 44. g5 gxh5 45. Rd1 Qc5 46. Qxh5 Nd5 47. Qf3 Ne3 48. Re1 Nf5+ 49. Kg4 Qc2 50. Qe2 Qc3 51. Rg1 Kg6 52. Qf3 Qc2 $11 53. Rh1 Ne3+ 54. Kh3 Nf5 55. Rh2 Qc1 56. Kg2 Ne3+ 57. Kf2 Qb2+ 58. Kg3 Nf5+ 59. Kh3 Qc1 60. Qe4 Qc3+ 61. Kg2 Qd2+ 62. Kg1 Qc1+ 63. Kf2 Qd2+ 64. Kg1 Qc1+ 65. Kg2 Qd2+ 66. Kh3 Qc3+ 67. Kg2 Qd2+ 68. Kg1 Qc1+ 69. Kf2 Qd2+ 70. Kg1 Qc1+ 71. Kg2 Qd2+ 72. Kh1 Qc1+ 73. Kg2 1/2-1/2

[Event "EYTCC U12 Girls 2018"]
[Site "Bad Blankeburg"]
[Date "2018.07.18"]
[Round "10"]
[White "Butenandt, Svenja"]
[Black "Voriskova, Anna"]
[Result "1-0"]
[ECO "D85"]
[WhiteElo "1751"]
[BlackElo "1569"]
[Annotator "NA"]
[PlyCount "51"]
[EventDate "2018.07.12"]
[EventType "swiss"]
[EventCountry "GER"]
[SourceTitle "playchess.com"]
[Source "ChessBase"]
[SourceQuality "1"]
[WhiteTeam "Germany"]
[BlackTeam "Czech Republic"]
[WhiteTeamCountry "GER"]
[BlackTeamCountry "CZE"]
[TimeControl "40/5400+30:1800+30"]

1. d4 Nf6 2. c4 g6 3. Nc3 d5 4. cxd5 Nxd5 5. e4 Nxc3 6. bxc3 Bg7 7. Nf3 c5 8. Be3 O-O 9. Be2 Nc6 10. O-O cxd4 11. cxd4 Bg4 12. d5 Bxf3 13. Bxf3 Bxa1 14. Qxa1 Na5 15. Bh6 f6 16. Bxf8 Qxf8 17. Qc3 Qd8 18. Rc1 b5 19. e5 Nc4 20. d6 Rc8 21. dxe7 Qxe7 22. exf6 Qc5 23. a4 a6 24. Bb7 Rd8 25. Bxa6 Rd2 26. Qxd2 1-0